 Dungeon Crawl Stone Soup version 0.28-a0-1143-gcf6077d4cc (webtiles) character file.

Game seed: 11233022345115243185

14 spaghetti the Charlatan (level 2, -12/12 HPs)
             Began as a Felid Artificer on Dec 14, 2021.
             Engulfed by a cloud of steam (17 damage)
             ... on level 1 of the Dungeon.
             The game lasted 00:02:57 (1513 turns).

spaghetti the Charlatan (Felid Artificer)           Turns: 1513, Time: 00:02:58

Health: -12/12     AC:  1    Str:  8    XL:     2   Next: 31%
Magic:  3/3        EV: 18    Int: 12    God:
Gold:   43         SH:  0    Dex: 16    Spells: 1/1 levels left
                                        Lives:  0   Deaths: 0

rFire   . . .      SeeInvis +     - Unarmed
rCold   . . .      Faith    .   (shield unavailable)
rNeg    . . .      Spirit   .   (armour unavailable)
rPois   .          Reflect  .   (helmet unavailable)
rElec   .          Harm     .   (cloak unavailable)
rCorr   .          Rampage  .   (gloves unavailable)
Will    .....                   (boots unavailable)
Stlth   +.........              (no amulet)
HPRegen 0.04/turn               (no ring)
MPRegen 0.08/turn               (no ring)

@: very slow
A: very small, claws 1, fangs 3, see invisible, speed 1, shaggy fur 1, stealthy
paws, no weapons or thrown items, no armour, multi-lived
a: no special abilities


You were on level 1 of the Dungeon.
You visited 1 branch of the dungeon, and saw 1 of its levels.

You collected 43 gold pieces.


Innate Abilities, Weirdness & Mutations

You have sharp claws.
You have razor-sharp teeth.
You have supernaturally acute eyesight. (SInv)
You cover ground quickly. (Speed+)
You are covered in fur. (AC +1)
Your paws help you pounce on unaware monsters.
You are incapable of wielding weapons or throwing items.
You cannot wear armour.
You gain extra lives every three experience levels.


   Skills:
 - Level 1.0 Fighting
 - Level 3.2 Dodging
 + Level 2.6 Stealth
 + Level 1.3 Unarmed Combat
 - Level 3.2 Evocations


You had one spell level left.
You didn't know any spells.
Your spell library was empty.

Inventory:

Wands
 a - a wand of flame (11) (quivered)
 b - a wand of charming (15)
Scrolls
 d - 3 scrolls of fear {unknown}
 e - a scroll of magic mapping {unknown}
 f - a scroll of fog {unknown}
 g - a scroll of identify {unknown}
Potions
 h - a potion of flight {unknown}
Miscellaneous
 c - a piece from Xom's chessboard (15/15)

Dungeon Overview and Level Annotations

Branches:
Dungeon (1/15)

Altars:

≈♣≈≈≈≈≈≈≈≈≈≈≈P≈≈≈≈≈♣≈≈. #. . #.
P≈≈≈≈≈≈≈≈≈≈≈≈≈♣≈≈≈≈≈♣≈# #.#. #.
♣≈≈≈≈≈≈≈≈≈≈≈≈≈≈≈♣P≈P≈≈♣ #... ##
♣≈≈≈≈≈≈≈≈≈≈≈≈≈≈≈≈≈P≈≈≈♣ #..# #
P≈≈≈≈≈≈≈≈≈≈≈≈≈≈≈P≈≈≈PP♣P #..# #
≈≈≈≈≈≈≈≈≈≈≈≈≈≈≈≈≈♣≈P≈PP♣ #..####
♣≈≈≈≈≈≈≈≈≈≈≈≈≈§§≈≈≈≈≈P≈. #......
≈≈≈P≈≈≈≈≈≈≈≈≈≈§†§≈≈≈≈♣. ###.####
♣≈≈P≈P≈≈≈≈≈≈≈≈P♣@PP♣≈# ###.....##
≈♣≈P♣♣≈≈P♣≈≈≈≈≈≈♣♣≈≈≈# #.†......#
.♣♣P≈P≈♣♣≈♣♣♣≈♣♣≈♣##.###.#.#....#
.'...♣≈♣≈P♣≈♣≈...................
##.........####...##.###.#.#....#
##.......## ##.###.# #.#.#.#..#
##.....## #####.###.#.#.#..#
##...## #.....#........# ##'##
##.....###.^...##


There were no monsters in sight!


Message History

No target in view!
No target in view!
No target in view!
No target in view!
No target in view!
No target in view!
No target in view!
You see here a +0 club {mace}.
g - a scroll labelled LAPHARR NINENT You open the door.
There is an open door here.
h - a coppery potion You open the door.
You open the door.
There is an open door here.
You now have 43 gold pieces (gained 11).
The rat misses you.
You barely miss the rat. The rat bites you. 😕 HP[-2]
You take 2 damage, and now have 10/12 hp.
You closely miss the rat. Your claw misses the rat. The rat misses you.
You closely miss the rat. Your bite misses the rat.
The rat barely misses you. 😕 HP[+1]
You barely miss the rat. The rat misses you.
You scratch the rat.
You kill the rat!
No target in view!
No target in view!
No target in view!
No target in view!
No target in view!
No target in view!
No target in view!
You enter the shallow water.
Moving in this stuff is going to be slow.
A bat comes into view.
The bat closely misses you. 😎 HP[+1]
Your hp is fully restored (12).
The bat barely misses you. The bat closely misses you.
Your unstable footing causes you to fumble your attack.
The bat misses you. The bat hits you but does no damage.
The bat closely misses you. The bat misses you.
The ball python hisses angrily.
The bat completely misses you. The bat misses you.
You scratch the bat.
You kill the bat!
The ball python bites you. The ball python barely misses you.
The ball python misses you.
The ball python completely misses you. 😕 HP[-2]
You take 2 damage, and now have 10/12 hp.
You scratch the ball python. You bite the ball python.
The ball python closely misses you. The ball python misses you.
Your unstable footing causes you to fumble your attack.
The ball python misses you. The ball python barely misses you.
Your unstable footing causes you to fumble your attack.
The ball python bites you.
The ball python closely misses you. 😮 HP[-3]
You take 3 damage, and now have 7/12 hp.
MASSIVE DAMAGE!! (PAUSE)
Your unstable footing causes you to fumble your attack.
The ball python barely misses you. The ball python grabs you.
The ball python constricts you.
* * * LOW HITPOINT WARNING * * *
😨 HP[-1]
You take 1 damage, and now have 6/12 hp.
Your unstable footing causes you to fumble your attack.
The ball python misses you. The ball python constricts you.
* * * LOW HITPOINT WARNING * * *
😨 HP[-1]
You take 1 damage, and now have 5/12 hp.
Attack: -) Teeth and claws
Press: ? - help, Dir - move target, f - ball python
Aim: a ball python (severely wounded, constricting you, about 42% to evade your paws)
Okay, then.
You escape the ball python's grasp.
The ball python misses you.
The ball python barely misses you. 😨 HP[+1]
The ball python barely misses you. The ball python grabs you.
The ball python constricts you.
* * * LOW HITPOINT WARNING * * *
😨 HP[-1]
You take 1 damage, and now have 5/12 hp.
You are too injured to fight recklessly!
Aiming: Throw Flame
Press: ? - help, Q - select action, (/) - cycle Shift-Dir - straight line, f - ball python
Aim: a ball python (severely wounded, constricting you, 68% to hit)
The puff of flame hits the ball python!
You kill the ball python!
You start resting.
You're standing in a cloud of steam!
You're standing in a cloud of steam!
Unknown command.
You are engulfed in a cloud of scalding steam.
Ouch! That really hurt!
You die...

Skill      XL: |  1 |
---------------+----+-----
Stealth        | 2 |  2.6
Unarmed Combat | 1 |  1.3
Fighting       | |  1.0
Dodging        | |  3.2
Evocations     | |  3.2

Action                   || total
-------------------------++-------
Melee: Unarmed           ||    45
       Bite              ||     4
       Punch             ||     1
Evoke: Wand              ||     4
 Stab: Sleeping          ||     1
Armor: Skin              ||     3
Dodge: Dodged            ||    56

Levels and vault maps discovered:
D:1:      dpeg_arrival_boxes_within_box, layout_loops_corners, serial_bayou,
          serial_bayou_shore_a, serial_bayou_crossing, serial_bayou_lagoon_a,
          serial_bayou_lake_a

Notes
Turn   | Place    | Note
-------+----------+-------------------------------------------
     0 | D:1      | spaghetti the Felid Artificer began the quest for the Orb.
     0 | D:1      | Reached XP level 1. HP: 9/9 MP: 2/2
     0 | D:1      | magus.rc [v1.9.6]
   162 | D:1      | Reached skill level 2 in Stealth
   540 | D:1      | Reached skill level 1 in Unarmed Combat
   725 | D:1      | Reached XP level 2. HP: 8/12 MP: 3/3
  1513 | D:1      | Engulfed by a cloud of steam

Vanquished Creatures
  6 ball pythons (D:1)
  An endoplasm (D:1)
  A goblin (D:1)
  3 bats (D:1)
  2 frilled lizards (D:1)
  2 kobolds (D:1)
  A rat (D:1)
16 creatures vanquished.

Table legend:
 A = Non-vault XP
 B = Vault XP
 C = Vault XP percentage of total XP
 D = Non-vault monster count
 E = Vault monster count
 F = Vault count percentage of total count
                 A         B        C        D         E       F
            +---------+---------+-------+---------+---------+-------
      Total |      21 |       0 |   0.0 |      16 |       0 |   0.0
            +---------+---------+-------+---------+---------+-------
        D:1 |      21 |       0 |   0.0 |      16 |       0 |   0.0
            +---------+---------+-------+---------+---------+-------

Illustrated notes

Table legend:
 A = Kills in this place as a percentage of kills in entire the game.
 B = Kills by you in this place as a percentage of kills by you in the entire game.
 C = Kills by friends in this place as a percentage of kills by friends in the entire game.
 D = Other kills in this place as a percentage of other kills in the entire game.
 E = Experience gained in this place as a percentage of experience gained in the entire game.
 F = Experience gained in this place divided by the number of levels of this place that you have seen.
                   A       B       C       D       E      F
               +-------+-------+-------+-------+-------+----------------------
         Total | 100.0 | 100.0 |   N/A |   N/A | 100.0 |  21.0
       Dungeon | 100.0 | 100.0 |   N/A |   N/A | 100.0 |  21.0
               +-------+-------+-------+-------+-------+----------------------

Table legend: (Time is in decaauts)
 A = Elapsed time spent in this place.
 B = Non-inter-level travel time spent in this place.
 C = Inter-level travel time spent in this place.
 D = Time resting spent in this place.
 E = Time spent auto-exploring this place.
 F = Levels seen in this place.
 G = Mean time per level.
                   A        B        C        D        E       F      G
               +--------+--------+--------+--------+--------+-----+--------+
         Total |   1421 |   1421 |      0 |    817 |    442 |   1 | 1421.0 |
       Dungeon |   1421 |   1421 |      0 |    817 |    442 |   1 | 1421.0 |
               +--------+--------+--------+--------+--------+-----+--------+

Top non-repeatable levels by time:
     D:1: 1421 daAuts
